 Dungeon Crawl Stone Soup version 0.28.0-53-g5a82cb258f (webtiles) character file.

Game seed: 7376026478375086734

1508 safid the Cleaver (level 8, 0/66 HPs)
             Began as a Hill Orc Fighter on June 10, 2022.
             Was an Initiate of Beogh.
             Slain by an orc wizard
             ... wielding a +0 dagger
              (3 damage)
             ... on level 6 of the Dungeon on June 11, 2022.
             The game lasted 00:08:06 (6158 turns).

safid the Cleaver (Hill Orc Fighter)                Turns: 6158, Time: 00:08:06

Health: 0/66       AC: 10    Str: 21    XL:     8   Next: 82%
Magic:  8/8        EV:  9    Int:  8    God:    Beogh [......]
Gold:   226        SH:  4    Dex: 10    Spells: 7/7 levels left

rFire   . . .      SeeInvis .   a - +1 war axe
rCold   . . .      Faith    .   c - +0 buckler
rNeg    . . .      Spirit   .   b - +0 scale mail
rPois   .          Reflect  .   (no helmet)
rElec   .          Harm     .   (no cloak)
rCorr   .          Rampage  .   y - +2 pair of gloves
Will    .....                   (no boots)
Stlth   ..........              (no amulet)
HPRegen 0.21/turn               (no ring)
MPRegen 0.11/turn               (no ring)

@: no status effects
A: no striking features
a: Renounce Religion


You were on level 6 of the Dungeon.
You worshipped Beogh.
Beogh was noncommittal.
You visited 1 branch of the dungeon, and saw 6 of its levels.
You also visited: Sewer.

You collected 226 gold pieces.

Inventory:

Hand Weapons
 a - a +1 war axe (weapon)
Missiles
 h - 23 poisoned darts (quivered)
 s - 5 javelins
Armour
 b - a +0 scale mail (worn)
 c - a +0 buckler (worn)
 y - a +2 pair of gloves (worn)
Wands
 v - a wand of polymorph (13)
 D - a wand of flame (28)
Scrolls
 d - a scroll of immolation {unknown}
 e - 3 scrolls of enchant weapon
 m - a scroll of acquirement {unknown}
 n - 2 scrolls of magic mapping
 o - a scroll of blinking {unknown}
 w - 3 scrolls of vulnerability
 x - 2 scrolls of teleportation
 A - a scroll of fear {unknown}
 E - a scroll of fog {unknown}
 F - a scroll of amnesia {unknown}
Potions
 g - a potion of brilliance {unknown}
 i - 3 potions of attraction
 j - a potion of ambrosia {unknown}
 k - 2 potions of lignification {unknown}
 l - a potion of haste {unknown}
 p - a potion of resistance {unknown}
 q - a potion of invisibility {unknown}
 r - a potion of degeneration {unknown}
 t - 2 potions of curing {unknown}
 u - a potion of heal wounds {unknown}
 z - 2 potions of might
 B - a potion of flight {unknown}
 C - a potion of berserk rage {unknown}


   Skills:
 - Level 4.0 Fighting
 + Level 13.3 Axes
 - Level 4.0 Armour
 - Level 4.0 Shields


You had 7 spell levels left.
You didn't know any spells.
Your spell library contained the following spells:

 Spells                   Type           Power      Damage    Failure   Level
 Sublimation of Blood     Necr           0%         N/A       92%         2
 Petrify                  Tmut/Erth      0%         N/A       100%        4
 Irradiate                Conj/Tmut      0%         3d14      100%        5


Dungeon Overview and Level Annotations

Branches:
Dungeon (6/15)             Temple (0/1) D:5           Sewer (visited)

Altars:
Qazlal
Ru
Sif Muna
The Shining One


Message History

The orc wizard points at you and mumbles some strange words.
The puff of flame hits you.
The orc priest looks encouraged for a moment.
You block the sky beast's attack.
A shadow imp comes into view.
You closely miss the sky beast.
The orc wizard casts a spell.
The orc wizard flickers and vanishes!
Deactivating autopickup; reactivate with Ctrl-A.
The sky beast barely misses you.
Unknown command.
You slash the sky beast!
The sky beast is severely wounded.
The sky beast hits you but does no damage.
You barely miss the sky beast.
The sky beast is severely wounded.
The orc priest mumbles some strange prayers to Beogh against you.
Beogh smites you!
* * * LOW HITPOINT WARNING * * *
You block the sky beast's attack.
You hear a shout!
You closely miss the sky beast.
The sky beast is severely wounded.
The sky beast hits you but does no damage.
Unknown command.
You slash the sky beast!
You kill the sky beast!
Beogh accepts your kill.
Your Axes skill increases to level 13!
You slash the orc warrior!
You kill the orc warrior!
Beogh accepts your kill.
The orc priest mumbles some strange prayers to Beogh against you.
Beogh smites you!
* * * LOW HITPOINT WARNING * * *
You barely miss something. Something hits you but does no damage.
Unknown command.
You barely miss something. Something hits you.
You die...
Beogh appreciates something's killing of a heretic priest.

#######.##.# #...#.#.#
#..........# #...#.#.###
.#.#####.########.........#
......................#.#.#######
.#.#####.......##...#.#.#........
#.########.##.....#.#........ .
#.. ...#.##.......#........ .#
#.######.#.##...#####.#.##### .>.
..........o{@.........#...
...##.##.#..##o################
#................
#..................
.....<..............#
#####.#.5#..........# ..#
.#..##..##..# .... #.. .... ..#
.....


You could see an orc priest and an orc.

Vanquished Creatures
  Sigmund (D:2)
  An orc warrior (D:6)
  A sky beast (D:6)
  An ogre (D:5)
  A centaur (D:4)
  4 kobold brigands (Sewer)
  An elf zombie (D:4)
  A scorpion (D:5)
  An elf skeleton (D:4)
  A wyvern zombie (D:4)
  A jelly (D:5)
  2 human zombies (D:4)
  A hound (D:4)
  A human skeleton (D:4)
  Jessica (D:2)
  An iguana (D:4)
  A killer bee zombie (D:4)
  A hound zombie (D:5)
  A hound skeleton (D:4)
  4 gnolls (D:2)
  7 adders
  2 river rats
  An ufetubus (D:4)
  2 worms (D:2)
  2 dart slugs (D:2)
  5 orcs
  12 ball pythons
  4 bats
  6 endoplasms
  7 giant cockroaches
  5 goblins
  7 hobgoblins
  5 jackals
  9 quokkas
  6 frilled lizards
  10 kobolds
  An orc zombie (D:4)
  9 rats
127 creatures vanquished.

Vanquished Creatures (others)
  A jelly (D:5)
  2 adders (D:5)
  A white imp (D:5)
  An orc (D:6)
  2 plants (D:6)
7 creatures vanquished.

Grand Total: 134 creatures vanquished

Notes
Turn   | Place    | Note
-------+----------+-------------------------------------------
     0 | D:1      | safid the Hill Orc Fighter began the quest for the Orb.
     0 | D:1      | Reached XP level 1. HP: 19/19 MP: 1/1
   114 | D:1      | Reached skill level 3 in Axes
   114 | D:1      | Reached XP level 2. HP: 20/27 MP: 2/2
   488 | D:1      | Reached XP level 3. HP: 18/33 MP: 3/3
   795 | D:1      | Found a faded altar of an unknown god.
  1262 | D:2      | Noticed Jessica
  1267 | D:2      | Killed Jessica
  1268 | D:2      | Reached skill level 4 in Axes
  1268 | D:2      | Reached XP level 4. HP: 10/40 MP: 4/4
  1535 | D:2      | Noticed Sigmund
  1572 | D:2      | Killed Sigmund
  1573 | D:2      | Reached skill level 7 in Axes
  1573 | D:2      | Reached XP level 5. HP: 34/46 MP: 5/5
  1573 | D:2      | Reached XP level 6. HP: 38/52 MP: 6/6
  2220 | D:2      | You fall into a shaft and drop 2 floors!
  2299 | D:3      | Found a glowing drain.
  2321 | Sewer    | Entered a sewer
  2374 | Sewer    | Reached skill level 8 in Axes
  2425 | Sewer    | Reached skill level 9 in Axes
  2425 | Sewer    | Reached XP level 7. HP: 33/59 MP: 7/7
  4047 | D:4      | Reached skill level 10 in Axes
  4126 | D:4      | Reached XP level 8. HP: 3/66 MP: 8/8
  4443 | D:4      | Reached skill level 11 in Axes
  4951 | D:4      | Reached skill level 12 in Axes
  5241 | D:5      | Entered Level 5 of the Dungeon
  5262 | D:5      | Found a staircase to the Ecumenical Temple.
  5385 | D:5      | Found a glowing golden altar of the Shining One.
  5385 | D:5      | Found a sacrificial altar of Ru.
  5386 | D:5      | Found a shimmering blue altar of Sif Muna.
  5676 | D:5      | Found a stormy altar of Qazlal.
  5684 | D:5      | Became a worshipper of Beogh the Brigand
  6156 | D:6      | Reached skill level 13 in Axes
  6156 | D:6      | HP: 2/66 [orc priest/divine providence (15)]
  6158 | D:6      | Slain by an orc wizard

Illustrated notes

Levels and vault maps discovered:
D:1:      ebering_trefoil_3fold, layout_basic,
          dreamdust_ecumenical_altar_angels_and_demons, corexii_leaking_fountain
D:2:      layout_basic, uniq_sigmund, uniq_jessica
D:3:      layout_rooms, portal_sewer_entry_a, hangedman_decor_points
D:4:      layout_loops_cross, nicolae_ossuary_entry_catacombs
D:5:      layout_gridville, nicolae_overflow_quartered_altars,
          minmay_temple_entry_butterflies
D:6:      layout_basic, kennysheep_small_spiral, serial_bayou_pond_b,
          uniq_menkaure

Skill      XL: |  1  2  3  4  5  6  7  8 |
---------------+-------------------------+-----
Axes           | 3 4 7 9 10 13 | 13.3
Fighting       | 4 |  4.0
Armour         | 4 |  4.0
Shields        | 4 |  4.0

Action                   |  1- 3 |  4- 6 |  7- 9 || total
-------------------------+-------+-------+-------++-------
Melee: War axe           |   117 |   118 |   236 ||   471
Invok: Convert to Beogh  |       |       |     1 ||     1
  Use: Potion            |       |       |     1 ||     1
       Scroll            |       |       |     5 ||     5
Armor: Scale mail        |    51 |    44 |    87 ||   182
Dodge: Dodged            |    66 |    56 |    86 ||   208
Block: Buckler           |    33 |    24 |    51 ||   108
